 Dungeon Crawl Stone Soup version 0.30-a0-586-g23e55c9e0a (webtiles) character file.

Game seed: 879730238234159604

209 demibob the Chopper (level 5, -6/45 HPs)
             Began as a Minotaur Monk on Jan 3, 2023.
             Was an Initiate of Makhleb.
             Mangled by a gnoll bouda
             ... wielding a +0 club
              (10 damage)
             ... on level 4 of the Dungeon.
             The game lasted 00:02:13 (2782 turns).

demibob the Chopper (Minotaur Monk)                 Turns: 2782, Time: 00:02:14

Health: -6/45      AC:  2    Str: 16    XL:     5   Next: 55%
Magic:  4/4        EV: 13    Int:  7    God:    Makhleb [......]
Gold:   161        SH:  0    Dex: 14    Spells: 3/4 levels left

rFire   . . .      SeeInvis .    a - +0 hand axe (venom)
rCold   . . .      Faith    .    (no shield)
rNeg    . . .      Spirit   .    b - +0 robe
rPois   .          Reflect  .    (helmet restricted)
rElec   .          Harm     .    (no cloak)
rCorr   .          Rampage  .    (no gloves)
Will    .....                    (no boots)
Stlth   ++                       (no amulet)
HPRegen 0.27/turn                (no ring)
MPRegen 0.09/turn                (no ring)

@: weakened
A: horns 2, retaliatory headbutt
a: Renounce Religion


You were on level 4 of the Dungeon.
You worshipped Makhleb.
Makhleb was noncommittal.
You visited 1 branch of the dungeon, and saw 4 of its levels.

You collected 161 gold pieces.


Innate Abilities, Weirdness & Mutations

You have a pair of horns on your head.
You reflexively headbutt those who attack you in melee.


   Skills:
 - Level 3.6 Fighting
 + Level 7.6 Axes
 - Level 3.2 Dodging
 - Level 1.5 Stealth


You had 3 spell levels left.
You knew the following spells:

 Your Spells              Type           Power      Damage    Failure   Level
m - Magic Dart            Conj           0%         1d3       43%         1

Your spell library contained the following spells:

 Spells                   Type           Power      Damage    Failure   Level
 Scorch                   Fire           0%         2d5       56%         2
 Ignite Poison            Fire/Tmut/Pois 0%         N/A       80%         3
 Kindle Blastsparks       Fire/Tloc/Air  0%         2d10      80%         3
 Ignition                 Fire           0%         3d3       100%        8

Inventory:

Hand Weapons
 a - a +0 hand axe of venom (weapon)
Armour
 b - a +0 robe (worn)
Jewellery
 d - an amulet of regeneration
 i - an amulet of reflection
Wands
 p - a wand of charming (2)
 r - a wand of flame (24)
Scrolls
 e - 3 scrolls of identify {@r1}
 f - a scroll of enchant armour {unknown}
 g - 2 scrolls of teleportation {unknown}
 n - a scroll of amnesia {unknown}
 o - a scroll of vulnerability {unknown}
 s - a scroll of summoning {unknown}
Potions
 c - a potion of ambrosia
 h - a potion of haste {unknown}
 j - a potion of resistance
 l - a potion of curing {unknown}
 m - a potion of invisibility
 q - a potion of degeneration {unknown}

Dungeon Overview and Level Annotations

Branches:
Dungeon (4/15)
 Temple: D:4-7

Altars:
Makhleb
Vehumet

Shops:
D:1

* #...#
#####.#.# #
#...# #.......#
#...#
#....######.#
#####
+...........#
#....########
#..>.#
#..).########
#####.g......
#)@....###
#.)....#
........#
.......!..#
............#
..............
▒...........#..
+.#+###.....#..


You could see a gnoll bouda (very poisoned).


Message History

You hit the gnoll bouda.
The gnoll bouda looks as sick as possible!
The gnoll bouda is heavily wounded.
You hit the gnoll.
The gnoll is poisoned.
The gnoll barely misses you. The gnoll misses you.
You feel much better.
The gnoll bouda gazes fiercely through you!
You feel as though you will be weak longer.
The gnoll bouda closely misses you.
The gnoll hits you from afar with a +0 spear.
The gnoll hits you with a +0 whip!
The gnoll bouda hits you with a +0 club.
The gnoll hits you with a +0 spear!
* * * LOW HITPOINT WARNING * * *
The gnoll hits you with a +0 whip.
* * * LOW HITPOINT WARNING * * *
You hit the gnoll.
The gnoll looks as sick as possible!
The gnoll is severely wounded.
You closely miss the gnoll bouda. You hit the gnoll.
The gnoll is poisoned.
You kill the gnoll!
Makhleb accepts your kill.
The gnoll bouda hits you with a +0 club!
* * * LOW HITPOINT WARNING * * *
The gnoll closely misses you. You furiously retaliate!
You headbutt the gnoll. You hit the gnoll.
You kill the gnoll!
Makhleb accepts your kill.
You closely miss the gnoll bouda.
The gnoll bouda hits you with a +0 club!
You die...

Skill      XL: |  1  2  3  4 |
---------------+-------------+-----
Axes           | 4 5 6 7 |  7.6
Fighting       | |  3.6
Dodging        | |  3.2
Stealth        | |  1.5

Action                   |  1- 3 |  4- 6 || total
-------------------------+-------+-------++-------
Melee: Hand axe          |   109 |    20 ||   129
       Headbutt          |    12 |     5 ||    17
  Use: Scroll            |     5 |       ||     5
       Potion            |       |     1 ||     1
 Stab: Sleeping          |    10 |       ||    10
Armor: Robe              |    18 |       ||    18
Dodge: Dodged            |    69 |    17 ||    86

Levels and vault maps discovered:
D:1:      lightli_arrival_maybe_door_vault, layout_loops_ring, serial_shops,
          nicolae_shop_stone, minivault_4
D:2:      layout_basic, shapermc_ecumenical_altar_mp_vishouse,
          kennysheep_generic_room_15
D:3:      layout_basic, lemuel_crystal_altar, kennysheep_generic_room_2
D:4:      layout_basic, nicolae_ossuary_entry_plus

Notes
Turn   | Place    | Note
-------+----------+-------------------------------------------
     0 | D:1      | demibob the Minotaur Monk began the quest for the Orb.
     0 | D:1      | Reached XP level 1. HP: 19/19 MP: 0/0
    84 | D:1      | Reached skill level 4 in Axes
   111 | D:1      | Reached XP level 2. HP: 25/26 MP: 1/1
   181 | D:1      | Found Wuwucunohy's General Store.
   696 | D:1      | Identified a potion of resistance
   857 | D:2      | Reached skill level 5 in Axes
  1133 | D:2      | Reached XP level 3. HP: 28/31 MP: 2/2
  1172 | D:2      | Found a faded altar of an unknown god.
  1190 | D:2      | Prayed at the altar of an unknown god.
  1190 | D:2      | Became a worshipper of Vehumet
  1190 | D:2      | Reached * piety under Vehumet
  1190 | D:2      | Offered knowledge of Magic Dart by Vehumet.
  1190 | D:2      | Reached ** piety under Vehumet
  1193 | D:2      | Learned a level 1 spell: Magic Dart
  1516 | D:2      | Offered knowledge of Freeze by Vehumet.
  1668 | D:3      | Reached *** piety under Vehumet
  1729 | D:3      | Offered knowledge of Static Discharge by Vehumet.
  1876 | D:3      | Got the Atlas of Ignition
  2145 | D:3      | Found a burning altar of Makhleb.
  2156 | D:3      | Fell from the grace of Vehumet
  2156 | D:3      | Became a worshipper of Makhleb the Destroyer
  2554 | D:4      | Noticed a scorpion
  2566 | D:4      | Killed a scorpion
  2567 | D:4      | Reached skill level 6 in Axes
  2567 | D:4      | Reached XP level 4. HP: 24/39 MP: 3/3
  2637 | D:4      | Noticed a scorpion
  2644 | D:4      | Killed a scorpion
  2645 | D:4      | Reached skill level 7 in Axes
  2645 | D:4      | Reached XP level 5. HP: 36/45 MP: 4/4
  2781 | D:4      | HP: 4/45 [gnoll bouda/+0 club (8)]
  2782 | D:4      | Mangled by a gnoll bouda

Vanquished Creatures
  2 scorpions (D:4)
  4 gnolls (D:4)
  An adder (D:2)
  2 worms
  A dart slug (D:3)
  An orc (D:3)
  4 bats
  4 endoplasms
  3 giant cockroaches (D:1)
  6 goblins
  3 hobgoblins (D:1)
  7 jackals
  2 kobolds
  6 ball pythons
  2 frilled lizards (D:1)
  5 rats
53 creatures vanquished.

Table legend: (Time is in decaauts)
 A = Elapsed time spent in this place.
 B = Non-inter-level travel time spent in this place.
 C = Inter-level travel time spent in this place.
 D = Time resting spent in this place.
 E = Time spent auto-exploring this place.
 F = Levels seen in this place.
 G = Mean time per level.
                   A        B        C        D        E       F      G
               +--------+--------+--------+--------+--------+-----+--------+
         Total |   2786 |   2688 |     98 |      0 |   2311 |   4 |  696.5 |
       Dungeon |   2786 |   2688 |     98 |      0 |   2311 |   4 |  696.5 |
               +--------+--------+--------+--------+--------+-----+--------+

Top non-repeatable levels by time:
     D:3: 1006 daAuts
     D:2: 828 daAuts
     D:1: 725 daAuts
     D:4: 226 daAuts

Table legend:
 A = Non-vault XP
 B = Vault XP
 C = Vault XP percentage of total XP
 D = Non-vault monster count
 E = Vault monster count
 F = Vault count percentage of total count
                 A         B        C        D         E       F
            +---------+---------+-------+---------+---------+-------
      Total |     310 |       3 |   1.0 |      51 |       2 |   3.8
            +---------+---------+-------+---------+---------+-------
        D:1 |      28 |       0 |   0.0 |      17 |       0 |   0.0
        D:2 |      35 |       0 |   0.0 |      12 |       0 |   0.0
        D:3 |      30 |       3 |   9.1 |      15 |       2 |  11.8
        D:4 |     217 |       0 |   0.0 |       7 |       0 |   0.0
            +---------+---------+-------+---------+---------+-------
